 Dungeon Crawl Stone Soup version 0.30.0-19-g36f170ea60 (webtiles) character file.

Game seed: 14217763332068514569

18 Graphine the Ducker (level 2, 0/24 HPs)
             Began as a Merfolk Monk on May 28, 2023.
             Frozen to death by an endoplasm (5 damage)
             ... on level 1 of the Dungeon.
             The game lasted 00:00:54 (243 turns).

Graphine the Ducker (Merfolk Monk)                   Turns: 243, Time: 00:00:55

Health: 0/24       AC:  2    Str: 11    XL:     2   Next: 66%
Magic:  2/2        EV: 14    Int:  9    God:
Gold:   49         SH:  0    Dex: 16    Spells: 1/1 levels left

rFire   . . .        a - +0 falchion
rCold   . . .        d - orb {light}
rNeg    . . .        b - +0 robe
rPois   .            (no helmet)
rElec   .            (no cloak)
rCorr   .            (no gloves)
SInv    .            (no boots)
Will    .....        (no amulet)
Stlth   +            (no ring)
HPRegen 0.24/turn    (no ring)
MPRegen 0.08/turn

%: no passive effects
@: glowing
A: (nimble swimmer 2), mertail
a: no special abilities


You were on level 1 of the Dungeon.
You visited 1 branch of the dungeon, and saw 1 of its levels.

You collected 49 gold pieces.

Inventory:

Hand Weapons
 a - a +0 falchion (weapon)
Missiles
 e - 4 atropa-tipped darts (quivered)
Armour
 b - a +0 robe (worn)
 d - an orb of light (worn)
Jewellery
 i - a ring of magical power
Scrolls
 j - a scroll of amnesia {unknown}
 k - a scroll of identify {unknown}
Potions
 c - a potion of ambrosia
 f - a potion of flight {unknown}
 g - a potion of brilliance {unknown}
 h - a potion of curing {unknown}


   Skills:
 + Level 3.6 Fighting
 + Level 4.0 Long Blades
 + Level 4.4 Dodging


You had one spell level left.
You didn't know any spells.
Your spell library was empty.

Dungeon Overview and Level Annotations

Branches:
Dungeon (1/15)

Altars:


Innate Abilities, Weirdness & Mutations

((You are very nimble when in or above water. (Stealth+, EV+, Speed+++)))
Your lower body shifts to a powerful aquatic tail in water.


Message History

Found a scroll labelled KOPLUM BUDEMIF.
No target in view!
No target in view!
A quokka comes into view.
A rat comes into view.
A hobgoblin comes into view.
The hobgoblin shouts!
A rat comes into view.
You slash the rat!
You kill the rat!
Found a murky golden potion.
An endoplasm comes into view.
The hobgoblin hits you.
You see here a rat corpse.
The endoplasm quivers.
You slash the hobgoblin!
You kill the hobgoblin!
The quokka bites you.
You hit the quokka but do no damage. The quokka barely misses you.
You barely miss the quokka. The quokka closely misses you.
You barely miss the quokka. The quokka bites you. The endoplasm freezes you.
You are frozen.
The rat bites you. The quokka bites you.
You are too injured to fight recklessly!
You are too injured to fight recklessly!
You are too injured to fight recklessly!
Hit: a) +0 falchion
Press: ? - help, Dir - move target, f - quokka
Aim: a quokka (haloed, about 30% to evade your +0 falchion)
You barely miss the quokka. The endoplasm hits you. The rat bites you.
The quokka bites you.
* * * LOW HITPOINT WARNING * * *
Unknown command.
Hit: a) +0 falchion
Press: ? - help, Dir - move target, f/p - quokka
Aim: a quokka (haloed, about 30% to evade your +0 falchion)
You barely miss the quokka. The endoplasm freezes you.
You are frozen.
You die...

### ## ##
##.#.#.#.#.#r#.#! .##
#................ ..##
##.#.#.#.#.#.#.# #..##
#..>........... ##..#
###.#.#.#.#.#.#
##..###.............
##..#.>.#.#.#.#r#?#.#.#.
##..####........@r......
##....###)#.#.#.#J#.#.#.
##....#......(.....
##....#.#.#.#.#.#.#
####...###.##.##.# #.#.#
#.. .# # ...#..#####.#
.####... .# ####


You could see an endoplasm, a quokka and a rat.

Vanquished Creatures
  A giant cockroach (D:1)
  A goblin (D:1)
  5 hobgoblins (D:1)
  A kobold (D:1)
  A quokka (D:1)
  2 ball pythons (D:1)
  2 bats (D:1)
  3 rats (D:1)
16 creatures vanquished.

Notes
Turn   | Place    | Note
-------+----------+-------------------------------------------
     0 | D:1      | Graphine the Merfolk Monk began the quest for the Orb.
     0 | D:1      | Reached XP level 1. HP: 18/18 MP: 1/1
   211 | D:1      | Reached XP level 2. HP: 19/24 MP: 2/2
   243 | D:1      | Frozen to death by an endoplasm

Illustrated notes

Levels and vault maps discovered:
D:1:      minmay_arrival_doors, layout_rooms, ebering_ecumenical_altar_hall,
          st_stairs_11, hangedman_glass_teeth

Skill      XL: |  1  2 |
---------------+-------+-----
Long Blades    | 4 |  4.0
Fighting       | |  3.6
Dodging        | |  4.4

Action                     || total
---------------------------++-------
  Melee: Falchion          ||    38
 Armour: Robe              ||    13
  Dodge: Dodged            ||    40
